AoeStats
← Totem9976

Fortress

507975891Analyzed
2v2 RM · 13d ago on Sep 20, 2026· 44m 42s· 4 players
Game mode
Random Map
Map size
Normal (6 player)
Population
200
Speed
Normal
Resources
Standard
Victory
Conquest
Starting age
Dark Age
Ending age
Imperial Age
RankedLock teamsTeams togetherTeam positionsShared explorationLock speedFull tech treeHidden civsTurbo modeCheats
Victory
Defeat
🇭🇷 Cumans · Croatia
759
+15
🇪🇸 Persians · Spain
713
+17
🇺🇸 Vietnamese · United States
906
-76
🇫🇷 Burgundians · France
559
-9
nilcot2
7:56 Feudal Age
8:02 Feudal Age
12:10 Castle Age
10:06 Double-Bit Axe
10:33 Horse Collar
14:33 Bow Saw
15:28 Heavy Plow
17:11 Town Watch
19:53 Loom
20:44 Wheelbarrow
21:23 Caravan
23:56 Hand Cart
23:43 Town Patrol
25:43 Stone Mining
25:45 Gold Mining
29:41 Imperial Age
29:41 Kamandaran
29:57 Kamandaran
30:10 Scale Barding Armor
30:16 Forging
29:57 Fletching
30:07 Padded Archer Armor
32:03 Guilds
31:31 Elite War Elephant
32:25 Citadels
34:57 Hoardings
33:53 Sappers
34:44 Conscription
34:09 Sappers
35:00 Conscription
37:32 Thumb Ring
36:49 Crossbowman
39:48 Chemistry
39:09 Ballistics
39:02 Masonry
38:47 Murder Holes
41:14 Guilds
42:55 Chain Barding Armor
43:11 Iron Casting
Antheus Inmitis
3:04 Loom
7:00 Feudal Age
8:41 Double-Bit Axe
11:45 Wheelbarrow
18:04 Castle Age
19:10 Gold Mining
19:32 Bow Saw
19:06 Horse Collar
20:12 Bloodlines
20:22 Hand Cart
21:24 Gold Shaft Mining
20:51 Heavy Plow
21:03 Scale Barding Armor
21:09 Forging
25:15 Imperial Age
23:04 Caravan
24:22 Stone Mining
26:56 Cavalier
28:03 Chain Barding Armor
28:19 Iron Casting
27:30 Man-at-Arms
28:11 Squires
28:25 Guilds
28:52 Paladin
31:30 Two-Man Saw
31:48 Blast Furnace
32:24 Long Swordsman
33:45 Plate Barding Armor
33:10 Scale Mail Armor
36:56 Two-Handed Swordsman
38:03 Champion
38:48 Capped Ram
41:13 Conscription
Totem9976
8:41 Feudal Age
10:13 Wheelbarrow
9:26 Horse Collar
9:38 Double-Bit Axe
17:14 Castle Age
15:18 Padded Archer Armor
15:09 Fletching
16:30 Gold Mining
16:32 Stone Mining
17:33 Elite Skirmisher
18:31 Leather Archer Armor
18:12 Bodkin Arrow
19:02 Hand Cart
20:04 Bow Saw
20:06 Heavy Plow
20:35 Thumb Ring
31:37 Imperial Age
32:29 Bracer
32:59 Ring Archer Armor
31:53 Imperial Skirmisher
34:03 Elite Rattan Archer
37:06 Pikeman
38:16 Halberdier
39:39 Scale Mail Armor
39:51 Forging
Sobodei
3:41 Wheelbarrow
3:16 Double-Bit Axe
4:00 Horse Collar
8:39 Feudal Age
9:20 Gold Mining
9:44 Bow Saw
9:39 Heavy Plow
18:07 Castle Age
17:16 Forging
17:12 Scale Barding Armor
20:06 Husbandry
19:28 Cavalier
21:58 Wheelbarrow
21:46 Stone Mining
22:50 Iron Casting
23:16 Caravan
24:45 Crop Rotation
28:16 Imperial Age
27:46 Hand Cart
28:12 Chain Barding Armor
28:39 Gold Shaft Mining
30:07 Conscription
30:40 Plate Barding Armor
31:33 Two-Man Saw
30:57 Paladin
35:21 Blast Furnace
35:38 Stone Shaft Mining
35:06 Squires
34:27 Pikeman
35:26 Light Cavalry
36:29 Burgundian Vineyards
36:18 Hussar
37:09 Halberdier
38:29 Capped Ram
39:39 Scale Mail Armor
41:35 Chain Mail Armor
Connection lost

Rejoining the realm…

Still unreachable

The connection could not be restored.

Session expired

The server has moved on; the page needs a fresh start.